 Dungeon Crawl Stone Soup version 0.22-a0-538-g76cc104 (webtiles) character file.

83 kae the Insei (level 4, 0/33 HPs)
             Began as a Demonspawn Transmuter on June 23, 2018.
             Was an Initiate of Okawaru.
             Slain by an orc
             ... wielding a +0 hand axe
              (3 damage)
             ... on level 3 of the Dungeon.
             The game lasted 00:01:42 (1844 turns).

kae the Insei (Demonspawn Transmuter)               Turns: 1844, Time: 00:01:42

Health: 0/33       AC:  4    Str: 11    XL:     4   Next: 22%
Magic:  4/7        EV: 12    Int: 14    God:    Okawaru [......]
Gold:   105        SH:  0    Dex: 14    Spells: 1/7 levels left

rFire    . . .     SeeInvis .   n - +0 hand axe
rCold    . . .     Gourm    .   (no shield)
rNeg     . . .     Faith    .   j - +1 leather armour
rPois    .         Spirit   .   (no helmet)
rElec    .         Reflect  .   (no cloak)
rCorr    .         Harm     .   (no gloves)
MR       .....                  (no boots)
Stlth    +++.......             (no amulet)
HPRegen  0.11/turn              (no ring)
MPRegen  0.10/turn              (no ring)

@: flying
A: nightstalker 2
a: Renounce Religion


You were on level 3 of the Dungeon.
You worshipped Okawaru.
Okawaru was noncommittal.
You were hungry.

You visited 1 branch of the dungeon, and saw 3 of its levels.

You collected 105 gold pieces.

Inventory:

Hand Weapons
 n - a +0 hand axe (weapon)
Missiles
 a - 7 arrows
Armour
 b - a +0 robe
 j - a +1 leather armour (worn)
Jewellery
 k - an uncursed amulet of faith
Scrolls
 i - a scroll of enchant armour
Potions
 c - a potion of cancellation
 e - a potion of flight
Comestibles
 d - 4 rations


   Skills:
 + Level 1.9 Fighting
 - Level 1.7 Dodging
 * Level 3.4 Unarmed Combat
 + Level 2.4 Spellcasting
 * Level 2.7 Transmutations


You had one spell level left.
You knew the following spells:

 Your Spells              Type           Power        Failure   Level  Hunger
a - Beastly Appendage     Tmut           #.....       10%         1    #......
b - Sticks to Snakes      Tmut           #.......     14%         2    ###....
c - Spider Form           Tmut/Pois      #.........   45%         3    ###....

Your spell library contained the following spells:

 Spells                   Type           Power        Failure   Level  Hunger
 Blade Hands              Tmut           #.........   95%         5    ######.
 Ice Form                 Ice/Tmut       #.......     86%         4    #####..


Dungeon Overview and Level Annotations

Branches:
Dungeon (3/15)

Altars:
Okawaru


Innate Abilities, Weirdness & Mutations

You are significantly more attuned to the shadows.


Message History

You feel stronger. The orc barely misses you. The orc closely misses you.
You hit the orc.
The orc is heavily wounded.
Your transformation has ended.
Your +0 hand axe unmelds from your body.
Your +1 leather armour unmelds from your body.
The orc barely misses you. The orc hits you with a hand axe.
* * * LOW HITPOINT WARNING * * *
You hit the orc.
You kill the orc!
Okawaru accepts your kill.
You closely miss the orc. The orc closely misses you.
You barely miss the orc. The orc barely misses you.
It was a potion of flight.
You feel very buoyant.
You fly up into the air.
The orc hits you with a hand axe.
* * * LOW HITPOINT WARNING * * *
You hit the orc but do no damage. The orc hits you with a hand axe.
You die...

##.#...... ##.#......
...#................
..###..<..............
.## .................
.# .............. .#
.............. ....
.......)...... ...#
........@).... .....
#.......o##..# ..#.#
#.....>.#...## .#.
..#.......### #
###.##### #..# ####


You could see an orc.

Vanquished Creatures
  Terence (D:3)
  An adder (D:2)
  A worm (D:2)
  2 dart slugs
  2 orcs
  5 bats (D:1)
  3 giant cockroaches
  7 goblins
  2 hobgoblins
  2 jackals (D:2)
  4 kobolds
  2 frilled lizards (D:2)
  4 rats
36 creatures vanquished.

Vanquished Creatures (collateral kills)
  2 hobgoblins (D:1)
2 creatures vanquished.

Grand Total: 38 creatures vanquished

Notes
Turn   | Place    | Note
-------+----------+-------------------------------------------
     0 | D:1      | kae the Demonspawn Transmuter began the quest for the Orb.
     0 | D:1      | Reached XP level 1. HP: 15/15 MP: 3/3
    94 | D:1      | Gained mutation: You are slightly more attuned to the shadows. [demonic ancestry]
    94 | D:1      | Reached XP level 2. HP: 14/21 MP: 5/5
   252 | D:1      | Reached skill level 3 in Unarmed Combat
   261 | D:1      | Learned a level 2 spell: Sticks to Snakes
   608 | D:1      | Gained mutation: You are significantly more attuned to the shadows. [demonic ancestry]
   608 | D:1      | Reached XP level 3. HP: 26/26 MP: 6/6
  1636 | D:3      | Found an iron altar of Okawaru.
  1644 | D:3      | Became a worshipper of Warmaster Okawaru
  1688 | D:3      | Noticed Terence
  1830 | D:2      | Learned a level 3 spell: Spider Form
  1839 | D:3      | Killed Terence
  1839 | D:3      | Reached XP level 4. HP: 11/33 MP: 3/7
  1844 | D:3      | Slain by an orc

Vault maps used:
D:1:      saegor_arrival_simple_e
D:3:      gammafunk_ghost_necromancy, okawaru_ov_weapons_minmay, uniq_terence

Skill      XL: |  1  2 |
---------------+-------+-----
Transmutations | 2 |  2.7
Unarmed Combat | 3 |  3.4
Fighting       | |  1.9
Dodging        | |  1.7
Spellcasting   | |  2.4

Action                   |  1- 3 |  4- 6 || total
-------------------------+-------+-------++-------
Melee: Unarmed           |   102 |     1 ||   103
       Headbutt          |     3 |       ||     3
       Punch             |     1 |       ||     1
       Hand axe          |     8 |     3 ||    11
 Cast: Beastly Appendage |     6 |       ||     6
       Sticks to Snakes  |     5 |       ||     5
       Spider Form       |     1 |       ||     1
  Use: Potion            |     3 |     1 ||     4
       Scroll            |     5 |       ||     5
 Stab: Sleeping          |     6 |       ||     6
  Eat: Chunk             |     3 |       ||     3
Armor: Robe              |    13 |       ||    13
       Leather armour    |    20 |       ||    20
       Skin              |     1 |       ||     1
Dodge: Dodged            |    93 |     5 ||    98

Table legend:
 A = Spawn XP
 B = Non-spawn XP
 C = Spawn XP percentage of total XP
 D = Spawn monster count
 E = Non-spawn monster count
 F = Spawn count percentage of total count
 G = Total turns spent on level
                    A         B        C        D         E        F      G
               +---------+---------+-------+---------+---------+-------+---------
         Total |       0 |     119 |   0.0 |       0 |      38 |   0.0 |  1844
               +---------+---------+-------+---------+---------+-------+---------
           D:1 |       0 |      41 |   0.0 |       0 |      23 |   0.0 |   660
           D:2 |       0 |      34 |   0.0 |       0 |      11 |   0.0 |  1088
           D:3 |       0 |      44 |   0.0 |       0 |       4 |   0.0 |    96
               +---------+---------+-------+---------+---------+-------+---------
